 Dungeon Crawl Stone Soup version 0.29.1-2-gbd0b4ee654 (webtiles) character file.

Game seed: 6303109245539683291

53 safid the Shooter (level 3, -2/33 HPs)
             Began as a Minotaur Hunter on Nov 4, 2022.
             Frozen to death by an endoplasm (3 damage)
             ... on level 2 of the Dungeon.
             The game lasted 00:01:34 (976 turns).

safid the Shooter (Minotaur Hunter)                  Turns: 976, Time: 00:01:34

Health: -2/33      AC:  3    Str: 15    XL:     3   Next: 62%
Magic:  2/2        EV: 12    Int:  6    God:
Gold:   90         SH:  0    Dex: 15    Spells: 2/2 levels left

rFire   . . .      SeeInvis .   a - +0 shortbow
rCold   . . .      Faith    .   (shield currently unavailable)
rNeg    . . .      Spirit   .   c - +0 leather armour
rPois   .          Reflect  .   (helmet restricted)
rElec   .          Harm     .   (no cloak)
rCorr   .          Rampage  .   (no gloves)
Will    .....                   (no boots)
Stlth   +.........              (no amulet)
HPRegen 0.11/turn               (no ring)
MPRegen 0.08/turn               (no ring)

@: no status effects
A: horns 2, retaliatory headbutt
a: no special abilities


You were on level 2 of the Dungeon.
You visited 1 branch of the dungeon, and saw 2 of its levels.

You collected 90 gold pieces.

Inventory:

Hand Weapons
 a - a +0 shortbow (weapon)
Armour
 c - a +0 leather armour (worn)
Scrolls
 b - a scroll of immolation
 e - a scroll of vulnerability {unknown}
 f - a scroll of enchant armour {unknown}
 g - 3 scrolls of identify {unknown}
 h - 2 scrolls of fear {unknown}
 i - 4 scrolls of teleportation {unknown}
Potions
 d - 3 potions of mutation {unknown}


   Skills:
 + Level 3.8 Fighting
 + Level 5.2 Ranged Weapons
 - Level 2.1 Dodging
 - Level 0.7 Stealth


You had 2 spell levels left.
You didn't know any spells.
Your spell library was empty.

Dungeon Overview and Level Annotations

Branches:
Dungeon (2/15)

Altars:

Annotations:
D:2 Robin


Innate Abilities, Weirdness & Mutations

You have a pair of horns on your head.
You reflexively headbutt those who attack you in melee.


Message History

You shoot an arrow. The arrow barely misses the endoplasm.
The arrow hits Robin!
Robin is heavily wounded.
The endoplasm barely misses you.
Fire: a) +0 shortbow
Press: ? - help, Q - select action Shift-Dir - straight line, f/p - endoplasm
Aim: an endoplasm (86% to hit)
You shoot an arrow. The arrow hits the endoplasm.
The endoplasm is heavily wounded.
A goblin comes into view. It is wielding a +0 dagger.
The endoplasm hits you but does no damage.
The endoplasm hits you.
* * * LOW HITPOINT WARNING * * *
Robin throws the goblin at you!
* * * LOW HITPOINT WARNING * * *
The goblin hits you with a +0 dagger.
* * * LOW HITPOINT WARNING * * *
Fire: a) +0 shortbow
Press: ? - help, Q - select action Shift-Dir - straight line, f - goblin, p - endoplasm
Aim: a goblin, wielding a +0 dagger (strong, 55% to hit)
You shoot an arrow. The arrow barely misses the goblin.
A jackal skeleton comes into view.
The goblin barely misses you. The endoplasm freezes you.
You are frozen.
* * * LOW HITPOINT WARNING * * *
Unknown command.
Really attack while wielding your +0 shortbow?
Okay, then.
Unknown command.
Fire: a) +0 shortbow
Press: ? - help, Q - select action Shift-Dir - straight line, f/p - goblin
Aim: a goblin, wielding a +0 dagger (strong, 55% to hit)
You shoot an arrow.
The arrow hits the goblin but does no damage.
The goblin misses you. You furiously retaliate!
You headbutt the goblin.
You kill the goblin!
The endoplasm freezes you.
You are frozen.
You die...

#.#...>### .........
.....#.# #...#.# #.
#...#.# ..# ..P #.....##
.... ..§P #......# ...##
.P. #....#.###g.....
.§###...##.)@Jg....#
§§##.########Z...##
#§#..# ...# #.#.## ..#
#...# ..#. .#####..##
..Z..
.........###########.# .#
..................#..#.#
.........................


You could see Robin, an endoplasm, a goblin (strong), a quokka skeleton and a
jackal skeleton.

Vanquished Creatures
  A hound skeleton (D:2)
  2 endoplasms (D:1)
  13 goblins
  8 hobgoblins
  5 ball pythons (D:1)
  A ball python skeleton (D:2)
  3 bats (D:1)
  A kobold (D:1)
  6 rats (D:1)
40 creatures vanquished.

Notes
Turn   | Place    | Note
-------+----------+-------------------------------------------
     0 | D:1      | safid the Minotaur Hunter began the quest for the Orb.
     0 | D:1      | Reached XP level 1. HP: 18/18 MP: 0/0
   179 | D:1      | Reached XP level 2. HP: 25/25 MP: 1/1
   627 | D:1      | Found a faded altar of an unknown god.
   850 | D:2      | Reached skill level 5 in Ranged Weapons
   850 | D:2      | Reached XP level 3. HP: 26/33 MP: 2/2
   954 | D:2      | Noticed Robin
   975 | D:2      | HP: 1/33 [frozen (2)]
   976 | D:2      | Frozen to death by an endoplasm

Illustrated notes

Levels and vault maps discovered:
D:1:      evilmike_arrival_crescent, layout_loops_ring, basic_ecumenical_altar,
          st_stairs_2, minmay_quantized
D:2:      layout_rooms, serial_undead, serial_undead_b, serial_undead_e,
          serial_undead_b, serial_undead_d, serial_undead_b, serial_undead_d,
          serial_shops, nicolae_shop_advertising_works
          [nicolae_subvault_shop_adworks], minivault_26,
          hangedman_decor_growths, uniq_robin

Skill      XL: |  1  2 |
---------------+-------+-----
Fighting       | 3 |  3.8
Ranged Weapons | 5 |  5.2
Dodging        | |  2.1
Stealth        | |  0.7

Action                   || total
-------------------------++-------
 Fire: Shortbow          ||   110
Armor: Leather armour    ||    14
Dodge: Dodged            ||    28
